Map: Purity and Industry LE

Players

Sweetzy

  • Race: Terran Terran
  • League: Master
  • Spawn Location: 3:00

Alluton - Winner!

  • Race: Protoss Protoss
  • League: Grandmaster
  • Spawn Location: 12:00

VOD

Have the link to the VOD?

Description

Time

  • Played on: May 19, 2020, 7:38 a.m.
  • Length: 5:27
Show
View Real Time Build Order
Export as new Build Order

Sweetzy Terran 

Build Orders:  

Get SALT Encoding   

  12  0:01  SCV  
  13  0:13  SCV  
  14  0:17  Supply Depot  
  14  0:25  SCV  
  15  0:39  SCV  
  15  0:40  Barracks  
  16  0:45  Refinery  
  16  0:51  SCV  
  17  1:03  SCV  
  18  1:15  SCV  
  19  1:29  Orbital Command  
  20  1:38  Barracks Reactor  
  19  1:43  Command Center  
  19  1:55  SCV  
  19  1:59  Supply Depot  
  20  2:07  SCV  
  21  2:14  Marine x2  
  23  2:15  Factory  
  23  2:21  SCV  
  24  2:23  Refinery  
  24  2:31  Marine  
  24  2:32  Marine  
  24  2:33  SCV  
  27  2:45  SCV  
  27  2:49  Marine  
  27  2:50  Marine  
  30  2:55  Orbital Command  
  30  2:59  Starport  
  30  3:00  Factory Tech Lab  
  30  3:04  SCV  
  31  3:07  Marine  
  31  3:09  Marine  
  33  3:16  SCV  
  33  3:19  Siege Tank  
  37  3:23  SCV  
  37  3:26  Marine  
  39  3:28  SCV  
  39  3:29  Marine  
  39  3:33  Supply Depot  
  41  3:37  Medivac  
  41  3:38  SCV  
  44  3:41  SCV  
  44  3:44  Marine  
  46  3:54  Marine  
  46  3:55  Siege Tank, SCV x2  
  52  3:58  Supply Depot  
  52  4:02  Marine  
  53  4:07  SCV  
  54  4:12  Supply Depot  
  54  4:19  Marine, SCV, Viking  
  54  4:20  Marine, SCV  
  60  4:31  SCV  
  60  4:32  SCV  
  60  4:36  Engineering Bay  
  60  4:37  Marine  
  60  4:38  Marine, Cyclone  
  62  4:44  SCV  
  66  4:46  SCV  
  66  4:52  Viking  
  69  4:55  Marine  
  69  4:59  Marine  
  67  5:00  SCV  
  67  5:01  SCV  
  65  5:12  SCV  
  65  5:13  SCV  
Show
View Real Time Build Order
Export as new Build Order

Alluton Protoss - Winner!

Build Orders: 1 Gate Expand, Phoenix Opening 

Get SALT Encoding   

  12  0:00  Probe  
  13  0:13  Probe  
  14  0:17  Pylon  
  14  0:25  Probe (Chrono Boost)  
  15  0:37  Probe (Chrono Boost)  
  15  0:38  Gateway  
  16  0:45  Probe (Chrono Boost)  
  16  0:47  Assimilator  
  17  0:51  Probe  
  18  1:03  Probe  
  19  1:20  Probe  
  20  1:26  Cybernetics Core  
  20  1:32  Probe  
  21  1:37  Nexus  
  21  1:43  Pylon  
  21  1:46  Probe  
  22  1:53  Assimilator  
  22  1:58  Probe (Chrono Boost)  
  22  2:00  Adept (Chrono Boost)  
  25  2:11  Probe (Chrono Boost)  
  26  2:18  Probe (Chrono Boost)  
  27  2:22  Adept  
  27  2:25  Probe  
  30  2:33  Stargate  
  30  2:37  Probe  
  31  2:50  Probe (Chrono Boost)  
  33  2:52  Warp Gate  
  33  2:53  Adept  
  33  2:55  Probe (Chrono Boost)  
  35  2:59  Pylon, Probe (Chrono Boost)  
  35  3:02  Probe (Chrono Boost)  
  37  3:06  Probe  
  38  3:13  Probe  
  38  3:16  Phoenix (Chrono Boost)  
  38  3:18  Probe  
  42  3:25  Probe  
  43  3:30  Probe  
  43  3:32  Phoenix  
  46  3:37  Probe  
  46  3:38  Pylon  
  46  3:39  Assimilator  
  47  3:41  Assimilator  
  47  3:42  Probe  
  48  3:49  Probe  
  48  3:54  Probe  
  50  3:57  Phoenix  
  50  4:01  Shield Battery  
  50  4:02  Probe  
  53  4:04  Gateway  
  53  4:05  Gateway  
  53  4:08  Probe  
  54  4:14  Probe, Pylon  
  55  4:20  Probe  
  55  4:22  Phoenix (Chrono Boost)  
  58  4:26  Probe  
  59  4:32  Probe  
  60  4:39  Shield Battery  
  60  4:43  Phoenix (Chrono Boost), Adept  
  64  4:46  Probe  
  64  4:48  Probe  
  66  4:55  Pylon  
  66  4:56  Robotics Facility  
  66  5:02  Adept x2  
  68  5:15  Adept  
  71  5:24  Adept x2  
Tags
 
Add a new tag
Caveats
  • Supply blocks, unpowered buildings, or Contaminate may cause inaccurate times.
  • Supply counts are checked every 10 seconds.